 Dungeon Crawl Stone Soup version 0.24-a0-235-g3f03afc (webtiles) character file.

Game seed: 6568638654289433370

1252 Hylith the Magician (level 8, 0/61 HPs)
             Began as a Demonspawn Wizard on Apr 7, 2019.
             Slain by a scorpion (8 damage)
             ... on level 5 of the Dungeon.
             The game lasted 00:25:12 (5759 turns).

Hylith the Magician (Demonspawn Wizard)             Turns: 5759, Time: 00:25:13

Health: 0/61       AC:  5    Str:  9 (10) XL:     8   Next: 26%
Magic:  23/25      EV: 12    Int: 16 (19) God:
Gold:   340        SH:  0    Dex:  9 (12) Spells: 13/18 levels left

rFire    + . .     SeeInvis .   v - +3 falchion (vamp)
rCold    + . .     Gourm    .   (no shield)
rNeg     . . .     Faith    .   a - +0 robe
rPois    .         Spirit   .   s - +0 helmet
rElec    .         Reflect  .   (no cloak)
rCorr    .         Harm     .   (no gloves)
MR       .....                  C - +0 pair of boots
Stlth    ++........             (no amulet)
HPRegen  0.20/turn              y - ring of magical power
MPRegen  0.19/turn              B - ring of protection from cold

@: lethally poisoned (0 -> -23)
A: claws 1, rugged brown scales 1, demonic guardian 1, fire resistance 1, flame
cloud immunity
a: no special abilities


You were on level 5 of the Dungeon.
You were not hungry.

You visited 1 branch of the dungeon, and saw 5 of its levels.
You also visited: Ossuary.

You collected 340 gold pieces.

Inventory:

Hand Weapons
 v - a +3 vampiric falchion (weapon)
Missiles
 h - 4 tomahawks (quivered)
 H - 6 javelins
Armour
 a - a +0 robe (worn)
 b - a +0 hat
 s - a +0 helmet (worn)
 C - a +0 pair of boots (worn)
Jewellery
 y - a ring of magical power (left claw)
 B - a ring of protection from cold (right claw)
Wands
 D - a wand of polymorph (12)
Scrolls
 e - 3 scrolls of random uselessness
 g - 4 scrolls of remove curse
 k - 4 scrolls of teleportation
 m - a scroll of fog
 n - 2 scrolls of magic mapping {unknown}
 r - 2 scrolls of enchant weapon {unknown}
 u - 6 scrolls of identify {unknown}
 w - a scroll of enchant armour {unknown}
 E - a scroll of amnesia {unknown}
 G - a scroll of noise {unknown}
Potions
 c - 2 potions of mutation {unknown}
 f - 2 potions of might {unknown}
 i - a potion of berserk rage {unknown}
 j - 3 potions of degeneration
 l - 3 potions of agility {unknown}
 o - 2 potions of ambrosia {unknown}
 p - 2 potions of invisibility {unknown}
 q - 2 potions of curing {unknown}
 t - 3 potions of cancellation {unknown}
 x - a potion of magic {unknown}
 z - 2 potions of brilliance {unknown}
 A - a potion of flight {unknown}
Comestibles
 d - 8 rations
 F - a chunk of flesh


   Skills:
 * Level 3.8 Fighting
 * Level 5.1 Long Blades
 - Level 2.0 Dodging
 - Level 2.0 Stealth
 + Level 5.7 Spellcasting
 + Level 3.2 Conjurations
 + Level 2.9 Summonings
 + Level 0.8 Translocations


You had 13 spell levels left.
You knew the following spells:

 Your Spells              Type           Power        Failure   Level  Hunger
a - Magic Dart            Conj           ##..         3%          1    None
b - Blink                 Tloc           N/A          16%         2    #......
c - Call Imp              Summ           ##......     6%          2    #......

Your spell library contained the following spells:

 Spells                   Type           Power        Failure   Level  Hunger
 Slow                     Hex            #.......     22%         2    #......
 Conjure Flame            Conj/Fire      #.......     22%         3    ##.....
 Mephitic Cloud           Conj/Pois/Air  #.......     28%         3    ##.....


Dungeon Overview and Level Annotations

Branches:
Dungeon (5/15)
 Temple: D:4-7

Altars:
Dithmenos
Elyvilon

Annotations:
D:4 2 transporters


Innate Abilities, Weirdness & Mutations

You have sharp fingernails.
You are partially covered in rugged brown scales. (AC +1, +3% HP)
A weak demonic guardian rushes to your aid.
Your flesh is heat resistant. (rF+)
You are immune to clouds of flame.


Message History

You feel sick. The scorpion barely misses you.
You hit the scorpion but do no damage.
The scorpion is severely wounded.
You feel sick. The scorpion stings you.
You are lethally poisoned!
The scorpion poisons you!
You hit the scorpion.
The scorpion is almost dead.
* * * LOW HITPOINT WARNING * * *
You feel very sick. The scorpion stings you.
* * * LOW HITPOINT WARNING * * *
The scorpion stings you.
* * * LOW HITPOINT WARNING * * *
It was a potion of degeneration.
There was something very wrong with that liquid.
You feel weakened.
You feel dopey.
You feel clumsy.
* * * LOW HITPOINT WARNING * * *
You feel sick. The scorpion stings you!
You die...

#... ####.. #... ...... #..#
......### #..## ........#### #..
. .............##### #... .
#................# .. .#
#......#s5..$..... .. ..#
#......##@..# ..... ...# #.....#
#...## #.... ....## #....#
##...# #....# .....###....#
#...## ###.....# ............##
##...###..<...... #...........##
#...............
##....###....#####..............
##...## ##.....##......###....##
#...## ###........#### #....#.


You could see a scorpion and a friendly shadow imp.

Vanquished Creatures
  Duvessa (D:4)
  An elf skeleton (D:4)
  A water moccasin zombie (D:5)
  6 scorpions
  A crimson imp (D:5)
  A centaur zombie (Ossuary)
  A bullfrog zombie (D:5)
  A human zombie (Ossuary)
  Jessica (D:3)
  A bullfrog skeleton (D:4)
  A human skeleton (D:4)
  2 orc wizards (D:5)
  2 worker ants (D:4)
  4 big kobold zombies (Ossuary)
  2 mummies (Ossuary)
  A scorpion zombie (Ossuary)
  5 adders
  A howler monkey skeleton (D:4)
  An adder skeleton (D:4)
  2 leopard geckos
  4 orcs
  3 bats (D:1)
  4 giant cockroaches
  7 goblins
  4 hobgoblins
  5 jackals
  4 kobolds
  5 ball pythons
  2 frilled lizards
  A goblin zombie (Ossuary)
  A kobold zombie (Ossuary)
  2 orc skeletons (D:4)
  An orc zombie (Ossuary)
  7 rats
86 creatures vanquished.

Vanquished Creatures (collateral kills)
  An elf skeleton (D:4)
  Dowan (D:4)
  4 scorpions (Ossuary)
  A bullfrog zombie (D:5)
  A human zombie (D:4)
  2 orc priests
  2 orc wizards
  A big kobold zombie (Ossuary)
  A mummy (Ossuary)
  2 scorpion zombies (Ossuary)
  4 orcs
  A jackal (D:5)
  A goblin zombie (Ossuary)
  A kobold (D:3)
  A kobold zombie (Ossuary)
24 creatures vanquished.

Vanquished Creatures (others)
  3 scorpions (Ossuary)
  An orc wizard (D:5)
  3 plants (D:4)
7 creatures vanquished.

Grand Total: 117 creatures vanquished

Notes
Turn   | Place    | Note
-------+----------+-------------------------------------------
     0 | D:1      | Hylith the Demonspawn Wizard began the quest for the Orb.
     0 | D:1      | Reached XP level 1. HP: 13/13 MP: 4/4
   428 | D:1      | Gained mutation: A weak demonic guardian rushes to your
                  | aid. [demonic ancestry]
   428 | D:1      | Reached XP level 2. HP: 14/19 MP: 0/6
  1346 | D:2      | Gained mutation: You have sharp fingernails. [demonic
                  | ancestry]
  1346 | D:2      | Reached XP level 3. HP: 25/25 MP: 1/8
  1922 | D:3      | Found a shadowy altar of Dithmenos.
  1973 | D:3      | Reached skill level 1 in Fighting
  1973 | D:3      | Reached XP level 4. HP: 27/32 MP: 4/9
  2009 | D:3      | Noticed Jessica
  2016 | D:3      | Killed Jessica
  2075 | D:3      | Learned a level 2 spell: Blink
  2078 | D:3      | Learned a level 2 spell: Call Imp
  2247 | D:3      | Gained mutation: You are partially covered in rugged brown
                  | scales. (AC +1, +3% HP) [demonic ancestry]
  2247 | D:3      | Reached XP level 5. HP: 13/38 MP: 2/11
  2546 | D:4      | Noticed Duvessa
  2546 | D:4      | Noticed Dowan
  2839 | D:4      | Reached skill level 1 in Long Blades
  2909 | D:4      | Found a sand-covered staircase.
  3144 | D:4      | Reached XP level 6. HP: 24/47 MP: 12/12
  3167 | Ossuary  | Entered an ossuary
  3705 | Ossuary  | Gained mutation: Your flesh is heat resistant. (rF+)
                  | [demonic ancestry]
  3705 | Ossuary  | Reached XP level 7. HP: 38/52 MP: 2/13
  4545 | D:4      | Found a transporter.
  4637 | D:4      | Killed Duvessa
  4637 | D:4      | Reached skill level 5 in Spellcasting
  4641 | D:4      | Killed Dowan
  4747 | D:4      | Found a transporter.
  5074 | D:5      | Entered Level 5 of the Dungeon
  5145 | D:5      | Gained mutation: You are immune to clouds of flame.
                  | [demonic ancestry]
  5145 | D:5      | Reached XP level 8. HP: 48/60 MP: 15/15
  5587 | D:5      | Reached skill level 5 in Long Blades
  5629 | D:5      | Found a white marble altar of Elyvilon.
  5759 | D:5      | Slain by a scorpion

Levels and vault maps discovered:
D:1:      mrwooster_arrival_statue_2, layout_rooms
D:2:      layout_basic, first_ration, kennysheep_generic_room_10
D:3:      layout_rooms, grunt_dithmenos_smoke, uniq_jessica
D:4:      cheibrodos_quashed, layout_rooms, nicolae_ossuary_entry_catacombs,
          gammafunk_ghost_gnarly_gnolls, uniq_duvessa
D:5:      layout_layer_cave, kennysheep_mini_moat, minmay_joined_circles
Ossuary:  ossuary_minmay_scorpions

Skill      XL: |  1  2  3  4  5  6  7  8 |
---------------+-------------------------+-----
Dodging        | 2 |  2.0
Fighting       | 1 2 3 |  3.8
Stealth        | 2 |  2.0
Spellcasting   | 4 5 |  5.7
Conjurations   | 2 3 |  3.2
Long Blades    | 2 3 4 5 |  5.1
Summonings     | 2 |  2.9
Translocations | |  0.8

Action                   |  1- 3 |  4- 6 |  7- 9 || total
-------------------------+-------+-------+-------++-------
Melee: Dagger            |    21 |       |       ||    21
       Spear             |     9 |       |       ||     9
       Short sword       |     4 |       |       ||     4
       Falchion          |     2 |    99 |   131 ||   232
Throw: Tomahawk          |       |     3 |     4 ||     7
 Cast: Magic Dart        |    63 |    63 |    47 ||   173
       Call Imp          |       |     7 |    37 ||    44
  Use: Scroll            |     4 |       |       ||     4
       Potion            |       |       |     1 ||     1
 Stab: Sleeping          |       |     2 |     2 ||     4
       Distracted        |       |     2 |     3 ||     5
  Eat: Chunk             |     3 |     1 |     6 ||    10
       Ration            |     2 |     1 |       ||     3
Armor: Robe              |    16 |    16 |    29 ||    61
Dodge: Dodged            |    47 |    62 |    60 ||   169
       Rpst.: Falchion   |       |    23 |    23 ||    46

Table legend:
 A = Non-vault XP
 B = Vault XP
 C = Vault XP percentage of total XP
 D = Non-vault monster count
 E = Vault monster count
 F = Vault count percentage of total count
                 A         B        C        D         E       F
            +---------+---------+-------+---------+---------+-------
      Total |     736 |    1053 |  58.9 |      73 |      39 |  34.8
            +---------+---------+-------+---------+---------+-------
        D:1 |      26 |       0 |   0.0 |      16 |       0 |   0.0
        D:2 |      30 |       2 |   6.2 |      10 |       1 |   9.1
        D:3 |     113 |      25 |  18.1 |      18 |       1 |   5.3
        D:4 |     170 |     362 |  68.0 |      14 |       8 |  36.4
        D:5 |     397 |       3 |   0.8 |      15 |       1 |   6.2
    Ossuary |       0 |     661 | 100.0 |       0 |      28 | 100.0
            +---------+---------+-------+---------+---------+-------
